 Dungeon Crawl Stone Soup version 0.21.1-1-g345015fe64 (webtiles) character file.

1376 Htamos the Fighter (level 8, -2/57 HPs)
             Began as a Gargoyle Berserker on July 14, 2018.
             Was a Priest of Trog.
             Slain by a white imp (4 damage)
             ... summoned by Eustachio
             ... on level 5 of the Dungeon.
             The game lasted 00:08:47 (4287 turns).

Htamos the Fighter (Gargoyle Berserker)             Turns: 4287, Time: 00:08:47

Health: -2/57      AC: 11    Str: 21      XL:     8   Next: 66%
Magic:  8/8        EV:  8    Int:  8      God:    Trog [***...]
Gold:   261        SH:  0    Dex:  9 (13) Spells: 7/7 levels left

rFire    . . .     SeeInvis .   a - +0 mace
rCold    . . .     Gourm    .   (no shield)
rNeg     + . .     Faith    .   k - +0 chain mail
rPois    ∞         Spirit   .   l - +0 helmet
rElec    +         Reflect  .   (no cloak)
rCorr    .         Harm     .   (no gloves)
MR       .....                  (no boots)
Stlth    ..........             (no amulet)
HPRegen  0.19/turn              (no ring)
MPRegen  0.11/turn              (no ring)

@: no status effects
A: agile 1, blurry vision 1, deformed body, deterioration 1, negative energy
resistance 1, electricity resistance, unbreathing, petrification resistance, rot
immunity, AC +5
a: Berserk, Trog's Hand, Burn Spellbooks, Renounce Religion


You were on level 5 of the Dungeon.
You worshipped Trog.
Trog was most pleased with you.
You were not hungry.

You visited 1 branch of the dungeon, and saw 5 of its levels.

You collected 261 gold pieces.

Inventory:

Hand Weapons
 a - a +0 mace (weapon)
Armour
 b - a +0 animal skin
 k - a +0 chain mail (worn)
 l - a +0 helmet (worn)
 p - a +0 helmet
Jewellery
 j - a cursed ring of loudness {unknown}
 s - an uncursed ring of wizardry {unknown}
Wands
 n - a wand of enslavement (15)
 o - a wand of flame (17)
 t - a wand of digging (16)
Scrolls
 d - a scroll of amnesia {unknown}
 f - a scroll of identify {unknown}
 h - 2 scrolls of blinking {unknown}
 m - a scroll of magic mapping {unknown}
 q - 2 scrolls of random uselessness
 r - 2 scrolls of remove curse {unknown}
 x - 2 scrolls of noise
 y - a scroll of brand weapon {unknown}
Potions
 e - 2 potions of might {unknown}
 i - a potion of cancellation {unknown}
 u - a potion of flight
 v - a potion of invisibility {unknown}
Comestibles
 c - 7 rations


   Skills:
 * Level 9.8 Fighting
 + Level 6.6 Maces & Flails
 - Level 2.1 Armour
 - Level 1.5 Dodging


You had 7 spell levels left.
You didn't know any spells.

Dungeon Overview and Level Annotations

Branches:
Dungeon (5/15)
 Temple: D:4-7

Altars:
Fedhas

Annotations:
D:5 Eustachio


Innate Abilities, Weirdness & Mutations

You are resistant to torment.
Your stone body is resilient. (AC +5)
You are immune to poison.
You resist negative energy. (rN+)
You are resistant to electric shocks. (rElec)
You can survive without breathing.
You are immune to petrification.
You are immune to rotting.
You are agile. (Dex +2)
Scrolls take you a little longer to read.
Armour fits poorly on your strangely shaped body.
Your body sometimes deteriorates upon taking damage.


Message History

The bat hits you but does no damage. x2; The ufetubus hits you.
* * * LOW HITPOINT WARNING * * *
The ufetubus hits you but does no damage.
The rat bites you but does no damage. x2; The ufetubus barely misses you.
The ufetubus hits you but does no damage.
Eustachio hits you but does no damage. The white imp hits you.
* * * LOW HITPOINT WARNING * * *
The white imp freezes you.
* * * LOW HITPOINT WARNING * * *
The bat hits you but does no damage.
You closely miss Eustachio.
Eustachio is almost dead.
You recover from your berserk rage.
The bat hits you but does no damage. x2; The ufetubus hits you.
* * * LOW HITPOINT WARNING * * *
The ufetubus hits you but does no damage.
The rat barely misses you. Eustachio barely misses you. The white imp hits you.
* * * LOW HITPOINT WARNING * * *
The white imp freezes you.
You die...

###############.###### #.
#..................# . #.#
#..........####.##.#
.####.######..................###
...........'.....................
..###'######.......[...#...#.####
..##.......[....5......#.#.#.# #
...............br5.....#.###.# #
..)............@@r.....#...#.# #
....)...........r5.....#.#.#.####
..##...................#.........
...')..........####....#.##..####
..##...........# #....#..(..# #
..##...........# #....#..##.# #
..#################....#...#.####
#>................+..............
##.......(#########.......##..###


You could see Eustachio, 2 white imps, an ufetubus, a bat and 3 rats.

Vanquished Creatures
  The ghost of Htamos the Basher, a novice GrBe of Trog (D:5)
  Sigmund (D:3)
  An ogre (D:3)
  The ghost of Sapher the Grave Robber, an amateur GnNe (D:4)
  A howler monkey (D:3)
  A bullfrog zombie (D:5)
  A crimson imp (D:3)
  A hound (D:4)
  8 orc wizards
  2 orc priests
  A bullfrog skeleton (D:5)
  An iguana (D:5)
  Natasha (thrice) (D:3 D:2)
  A worker ant (D:3)
  Robin (D:2)
  A howler monkey skeleton (D:5)
  3 adders
  4 oozes
  5 worms
  3 dart slugs
  3 leopard geckos
  12 orcs
  5 bats
  3 giant cockroaches
  8 hobgoblins
  2 jackals (D:4)
  3 kobolds
  3 frilled lizards
  12 goblins
  7 rats
99 creatures vanquished.

Notes
Turn   | Place    | Note
-------+----------+-------------------------------------------
     0 | D:1      | Htamos the Gargoyle Berserker began the quest for the Orb.
     0 | D:1      | Reached XP level 1. HP: 14/14 MP: 1/1
   219 | D:1      | Reached XP level 2. HP: 16/20 MP: 2/2
   462 | D:1      | Reached skill level 4 in Fighting
   540 | D:1      | Reached XP level 3. HP: 15/24 MP: 3/3
  1183 | D:2      | Noticed Robin
  1378 | D:2      | Killed Robin
  1378 | D:2      | Reached ** piety under Trog
  1378 | D:2      | Reached XP level 4. HP: 30/30 MP: 4/4
  1576 | D:2      | You fall through a shaft!
  1577 | D:3      | Reached skill level 5 in Fighting
  1704 | D:3      | Noticed Natasha
  1712 | D:3      | Killed Natasha
  1713 | D:3      | Reached XP level 5. HP: 35/35 MP: 5/5
  1774 | D:3      | Noticed Natasha
  1781 | D:3      | Killed Natasha
  1841 | D:3      | Found a blossoming altar of Fedhas.
  1984 | D:3      | Reached skill level 6 in Fighting
  2157 | D:3      | Reached XP level 6. HP: 41/41 MP: 6/6
  2184 | D:3      | Noticed Sigmund
  2197 | D:3      | Killed Sigmund
  2197 | D:3      | Reached skill level 7 in Fighting
  2222 | D:3      | Gained mutation: Scrolls take you a little longer to read. [potion of mutation]
  2222 | D:3      | Gained mutation: Your body sometimes deteriorates upon taking damage. [potion of mutation]
  2222 | D:3      | Gained mutation: Armour fits poorly on your strangely shaped body. [potion of mutation]
  2222 | D:3      | Gained mutation: You are agile. (Dex +2) [potion of mutation]
  2230 | D:3      | Reached XP level 7. HP: 29/48 MP: 7/7
  2235 | D:3      | Reached skill level 5 in Maces & Flails
  2674 | D:4      | Noticed Sapher's ghost (amateur GnNe)
  2682 | D:3      | Reached *** piety under Trog
  2711 | D:3      | Noticed Natasha
  2723 | D:2      | Killed Natasha
  2947 | D:4      | Reached skill level 8 in Fighting
  3224 | D:4      | Killed Sapher's ghost
  3228 | D:4      | Reached XP level 8. HP: 55/55 MP: 8/8
  3602 | D:5      | Entered Level 5 of the Dungeon
  3949 | D:5      | Noticed Htamos's ghost (novice GrBe)
  3960 | D:5      | Reached skill level 9 in Fighting
  4205 | D:5      | Killed Htamos's ghost
  4226 | D:5      | Noticed Eustachio
  4287 | D:5      | HP: 2/57 [white imp[Eustachio] (2)]
  4287 | D:5      | Slain by a white imp

Skill      XL: |  1  2  3  4  5  6  7  8 |
---------------+-------------------------+-----
Fighting       | 4 5 6 7 8 9 |  9.8
Maces & Flails | 4 5 6 |  6.6
Armour         | |  2.1
Dodging        | |  1.5

Action                   |  1- 3 |  4- 6 |  7- 9 || total
-------------------------+-------+-------+-------++-------
Melee: Mace              |    93 |   117 |   185 ||   395
Invok: Berserk           |     2 |     3 |     8 ||    13
       Trog's Hand       |       |     1 |       ||     1
Evoke: Wand              |       |       |     1 ||     1
  Use: Potion            |       |     3 |       ||     3
       Scroll            |       |       |     4 ||     4
  Eat: Chunk             |     2 |     7 |    12 ||    21
       Ration            |       |       |     1 ||     1
Armor: Animal skin       |    10 |       |       ||    10
       Chain mail        |    59 |    90 |   259 ||   408
Dodge: Dodged            |    63 |    50 |   182 ||   295
